AoeStats
← audi

Arabia

504713036Analyzed
2v2 RM · 26d ago on Sep 6, 2026· 46m 12s· 4 players
Game mode
Random Map
Map size
Medium (4 player)
Population
200
Speed
Normal
Resources
Standard
Victory
Conquest
Starting age
Dark Age
Ending age
Imperial Age
RankedLock teamsTeams togetherTeam positionsShared explorationLock speedFull tech treeHidden civsTurbo modeCheats
Victory
Defeat
🇹🇷 Berbers · Türkiye
1160
+16
🇹🇷 Britons · Türkiye
1131
+17
🇻🇳 Aztecs · Vietnam
1203
-18
🇻🇳 Turks · Vietnam
1128
-15
Timber
6:51 Loom
9:59 Feudal Age
10:36 Double-Bit Axe
11:27 Horse Collar
15:45 Forging
17:01 Scale Barding Armor
26:25 Castle Age
24:49 Bloodlines
24:42 Gold Mining
27:17 Husbandry
27:56 Chain Barding Armor
28:17 Wheelbarrow
28:38 Iron Casting
28:53 Bow Saw
35:14 Stone Mining
38:53 Fletching
42:14 Stone Shaft Mining
44:42 Imperial Age
44:46 Cavalier
46:09 Plate Barding Armor
46:53 Blast Furnace
47:50 Chemistry
audi
3:31 Loom
9:41 Feudal Age
10:09 Double-Bit Axe
14:23 Fletching
16:28 Padded Archer Armor
16:23 Horse Collar
18:52 Wheelbarrow
22:40 Castle Age
24:04 Bow Saw
24:24 Heavy Plow
24:12 Crossbowman
26:07 Gold Mining
27:06 Bodkin Arrow
33:01 Leather Archer Armor
33:25 Husbandry
32:59 Elite Skirmisher
37:24 Hand Cart
37:48 Gold Shaft Mining
37:34 Town Watch
39:27 Masonry
39:28 Fortified Wall
39:26 Stone Mining
39:44 Scale Barding Armor
42:13 Ballistics
43:18 Town Patrol
43:41 Chain Barding Armor
43:38 Murder Holes
44:35 Forging
45:27 Treadmill Crane
45:38 Guard Tower
45:59 Clinker Construction
45:52 Scale Mail Armor
SayNang
9:58 Feudal Age
10:41 Double-Bit Axe
11:38 Scale Mail Armor
16:33 Forging
16:36 Arson
23:07 Castle Age
21:49 Horse Collar
23:24 Eagle Warrior
24:05 Squires
25:24 Wheelbarrow
24:35 Loom
24:18 Pikeman
25:02 Gold Mining
25:04 Gambesons
27:44 Chain Mail Armor
30:11 Iron Casting
33:12 Gold Shaft Mining
knmh83
7:29 Loom
9:48 Feudal Age
10:53 Double-Bit Axe
16:33 Horse Collar
23:50 Gold Mining
26:10 Castle Age
24:58 Bloodlines
25:25 Fletching
26:51 Padded Archer Armor
27:54 Bodkin Arrow
29:30 Bow Saw
30:28 Gold Shaft Mining
30:56 Leather Archer Armor
33:22 Ballistics
38:14 Wheelbarrow
42:16 Scale Barding Armor
43:36 Chain Barding Armor
Connection lost

Rejoining the realm…

Still unreachable

The connection could not be restored.

Session expired

The server has moved on; the page needs a fresh start.